 Dungeon Crawl Stone Soup version 0.19.1-1-g22dce08 (webtiles) character file.

37 Queen the Cudgeler (level 3, -7/21 HPs)
             Began as a Gargoyle Gladiator on Jan 12, 2017.
             Mangled by Sigmund
             ... wielding a +2 scythe of pain
              (8 damage)
             ... on level 2 of the Dungeon.
             The game lasted 00:02:47 (854 turns).

Queen the Cudgeler (Gargoyle Gladiator)              Turns: 854, Time: 00:02:48

Health: -7/21      AC:  7    Str: 18    XL:     3   Next: 41%
Magic:  0/3        EV: 12    Int:  8    God:
Gold:   47         SH:  0    Dex: 11    Spells: 0 memorised, 2 levels left

rFire  . . .     SeeInvis .     a - +0 flail
rCold  . . .     Gourm    .     b - +0 leather armour
rNeg   + . .     Faith    .     (no shield)
rPois  ∞         Spirit   +     c - +0 helmet
rElec  +         Reflect  .     (no cloak)
rCorr  .         Harm     .     (no gloves)
MR     .....                    (no boots)
Stlth  +.........               o - amulet of guardian spirit
                                (no ring)
                                (no ring)

@: no status effects
A: negative energy resistance 1, electricity resistance, unbreathing,
petrification resistance, rot immunity, AC +3
a: no special abilities


You were on level 2 of the Dungeon.
You were not hungry.

You visited 1 branch of the dungeon, and saw 2 of its levels.

You collected 47 gold pieces.

Inventory:

Hand Weapons
 a - a +0 flail (weapon)
Missiles
 d - 2 throwing nets (quivered)
Armour
 b - a +0 leather armour (worn)
 c - a +0 helmet (worn)
Jewellery
 o - an amulet of guardian spirit (around neck)
Scrolls
 e - 2 scrolls of identify {unknown}
 h - 2 scrolls of enchant weapon {unknown}
 i - 2 scrolls of immolation {unknown}
 k - a scroll of remove curse {unknown}
 l - a scroll of fog {unknown}
 p - a scroll of teleportation {unknown}
Potions
 m - a potion of might {unknown}
 n - a potion of curing {unknown}
 q - a potion of magic {unknown}
Comestibles
 f - a bread ration
 g - 7 chunks of flesh
 j - 2 meat rations


   Skills:
 - Level 2.1 Fighting
 + Level 4.3 Maces & Flails
 - Level 1.7 Throwing
 - Level 2.4 Dodging


You had 2 spell levels left.
You didn't know any spells.

Dungeon Overview and Level Annotations

Branches:
Dungeon (2/15)

Altars:

Annotations:
D:2 Sigmund


Innate Abilities, Weirdness & Mutations

You are resistant to torment.
Your stone body is resilient. (AC +3)
You are immune to poison.
You resist negative energy. (rN+)
You are resistant to electric shocks. (rElec)
You can survive without breathing.
You are immune to petrification.
You are immune to rotting.


Message History

Something hits you.
* * * LOW HITPOINT WARNING * * *
The jackal bites you.
* * * LOW HITPOINT WARNING * * *
The jackal bites you.
* * * LOW HITPOINT WARNING * * *
The jackal completely misses you.
Throwing (i - inventory):
d - 3 throwing nets (quivered)
Press: ? - help, Shift-Dir - straight line, f - jackal
Aim: a jackal You throw a throwing net.
The throwing net hits the jackal.
The jackal is caught in the net!
The jackal struggles against the net. x2
You hit the jackal.
The jackal is heavily wounded.
Something hits you but does no damage.
The jackal struggles against the net.
The net rips apart, and the jackal comes free!
You closely miss the jackal.
The jackal is heavily wounded.
The jackal closely misses you. Something hits you!
You die...

........##.#.#.#
.................#.#.#
...........[.........#
.......######...##.#.#
......#####...)..#.#
................#.#
.##.#..............#.#
........####.......#.#
##@..##.......#.###
#h####.......#....
##............#####
#...###.......#
#.............#
#.............#
#.........###.#
...)..............#..
#(.....!...###......


You could see a jackal.

Vanquished Creatures
  3 dart slugs (D:1)
  2 leopard geckos (D:1)
  A ball python (D:1)
  3 goblins (D:1)
  8 hobgoblins
  A jackal (D:2)
  3 kobolds (D:1)
  3 frilled lizards
  3 rats (D:1)
27 creatures vanquished.

Notes
Turn   | Place    | Note
-------+----------+-------------------------------------------
     0 | D:1      | Queen the Gargoyle Gladiator began the quest for the Orb.
     0 | D:1      | Reached XP level 1. HP: 12/12 MP: 1/1
    14 | D:1      | Reached XP level 2. HP: 17/17 MP: 2/2
   365 | D:1      | Reached skill level 4 in Maces & Flails
   532 | D:1      | Reached XP level 3. HP: 18/21 MP: 3/3
   836 | D:2      | Noticed Sigmund
   848 | D:2      | HP: 1/21 [jackal (2)]
   854 | D:2      | Mangled by Sigmund

Skill      XL: |  1  2 |
---------------+-------+-----
Maces & Flails | 4 |  4.3
Fighting       | |  2.1
Throwing       | |  1.7
Dodging        | |  2.4

Action                   || total
-------------------------++-------
Melee: Flail             ||    72
Throw: Throwing net      ||     1
Armor: Leather armour    ||    33
Dodge: Dodged            ||    47
